 Dungeon Crawl Stone Soup version 0.32-a0-815-g315f82d515 (webtiles) character file.

Game seed: 8980780285247445872

800 Nvm9 the Trooper (level 7, -2/49 (55) HPs)
             Began as a Demonspawn Fighter on Mar 23, 2024.
             Was an Initiate of Qazlal.
             Slain by a hell rat (7 damage)
             ... on level 5 of the Dungeon.
             The game lasted 00:07:29 (3244 turns).

Nvm9 the Trooper (Demonspawn Fighter)               Turns: 3244, Time: 00:07:30

HP:   -2/49 (55)    AC: 10    Str: 19    XL:     7   Next: 59%
MP:   16/16         EV:  7    Int:  8    God:    Qazlal [......]
Gold: 145           SH:  8    Dex: 12    Spells: 6/6 levels left

rFire   . . .        k - +6 hammer "Buogoifu" {heavy, MP+9}
rCold   . . .        h - +0 kite shield
rNeg    . . .        b - +0 scale mail
rPois   .            (no helmet)
rElec   .            e - +0 cloak
rCorr   +            (no gloves)
SInv    .            (no boots)
Will    .....        r - amulet of regeneration Stlth
                     i - ring of flight
HPRegen 1.08/turn    m - ring of resist corrosion
MPRegen 0.15/turn

%: no passive effects
@: flying, heavily drained
A: thin metallic scales 1, powered by death 2, weakness stinger 1
a: Renounce Religion


You were on level 5 of the Dungeon.
You worshipped Qazlal.
Qazlal was noncommittal.
You visited 2 branches of the dungeon, and saw 6 of its levels.

You collected 208 gold pieces.
You spent 63 gold pieces at shops.

Inventory:

Hand Weapons
 a - a +0 war axe
 d - a +3 quarterstaff of chaos
 k - the +6 hammer "Buogoifu" (weapon) {heavy, MP+9}
   (You found it on level 2 of the Dungeon)

   MP+9:      It affects your magic capacity (+9).
 w - a +3 falchion of holy wrath
 x - a +0 war axe
Missiles
 j - 15 poisoned darts (quivered)
 t - 4 atropa-tipped darts
Armour
 b - a +0 scale mail (worn)
 e - a +0 cloak (worn)
 h - a +0 kite shield (worn)
Jewellery
 g - an amulet of guardian spirit
 i - a ring of flight (left hand)
 m - a ring of resist corrosion (right hand)
 r - an amulet of regeneration (around neck)
Scrolls
 f - a scroll of identify
 o - a scroll of teleportation {unknown}
 p - a scroll of blinking {unknown}
 s - a scroll of amnesia
 u - a scroll of fog
Potions
 c - a potion of resistance
 l - 4 potions of curing
 n - a potion of degeneration
 q - a potion of might
 v - a potion of heal wounds {unknown}


   Skills:
 * Level 4.9 Fighting
 * Level 3.9(4.1) Axes
 + Level 1.6(3.0) Maces & Flails
 + Level 2.0 Throwing
 * Level 4.4 Armour
 * Level 4.4 Shields


You had 6 spell levels left.
You didn't know any spells.
Your spell library contained the following spells:

 Spells                   Type           Power      Damage    Failure   Level
 Jinxbite                 Hex            0%         N/A       99%         2
 Yara's Violent Unravell  Hex/Alch       0%         3d3       100%        5
 Enfeeble                 Hex            0%         N/A       100%        7


Dungeon Overview and Level Annotations

Branches:
Dungeon (5/15)             Temple (1/1) D:4

Altars:
Ashenzari
Dithmenos
Gozag
Hepliaklqana
Makhleb
Qazlal
Ru
Sif Muna
Uskayaw
Vehumet
Wu Jian
Xom
Yredelemnul

Shops:
D:1 [   D:3 [


Innate Abilities, Weirdness & Mutations

You are partially covered in thin metallic scales. (AC +2)
You regenerate health from kills.
You have a small tail.


Message History

The hell rat misses you.
You sock the hell rat!
You tail-slap the hell rat, but do no damage.
The hell rat is heavily wounded.
The hell rat bites you but does no damage.
You block the hell rat's attack.
Unknown command.
You closely miss the hell rat.
Your tail-slap misses the hell rat.
The hell rat is heavily wounded.
The hell rat bites you but does no damage. x3
The hell rat barely misses you. The hell rat bites you.
You feel drained. The hell rat bites you.
You feel drained. You block the hell rat's attack.
The hell rat barely misses you.
Unknown command.
You bludgeon the hell rat!!
You kill the hell rat!
Qazlal accepts your kill. You block the hell rat's attack.
The hell rat barely misses you. You block the river rat's attack.
The hell rat bites you but does no damage.
Your Throwing skill increases to level 2!
You hit the hell rat.
The hell rat is moderately wounded.
The hell rat bites you but does no damage.
The hell rat barely misses you.
The river rat bites you but does no damage.
The hell rat bites you! The hell rat closely misses you.
The river rat bites you but does no damage.
The hell rat bites you!
You feel drained.
You are too injured to fight recklessly!
Unknown command.
You are too injured to fight recklessly!
The hell rat barely misses you.
The hell rat twitches its whiskers.
The hell rat attacks as it pursues you! The hell rat bites you!
* * * LOW HITPOINT WARNING * * *
The river rat attacks as it pursues you!
The river rat bites you but does no damage.
The hell rat bites you!
You die...

#.........###.#####.##
##..#....## .# #.###.#
##...##.###. ...##.##
##).#####..#... ##.#
##).### #.#.. #.#
#.....###†r# ##.#
##.##...#r.# #.##
#.######rr# ##.# #.#
#@## #.## #.# #.##
##.# #.# ##.# ##.##
... #.####.## ...
##.##.## ... ##.#.#
#.#.## #####


You could see 2 hell rats and 2 river rats.

Vanquished Creatures
  Sigmund (D:3)
  An ice beast (D:5)
  An ogre (D:5)
  A sky beast (D:4)
  A centaur (D:5)
  Crazy Yiuf (D:2)
  An orc wizard (D:4)
  2 hell rats (D:5)
  3 adders (D:2)
  9 river rats (D:5)
  2 dart slugs (D:1)
  A ribbon worm (D:3)
  7 orcs
  6 endoplasms
  5 giant cockroaches
  6 goblins
  7 hobgoblins
  8 jackals
  7 kobolds
  7 quokkas
  6 ball pythons
  8 bats
  A frilled lizard (D:2)
  3 rats
95 creatures vanquished.

Notes
Turn   | Place    | Note
-------+----------+-------------------------------------------
     0 | D:1      | Nvm9 the Demonspawn Fighter began the quest for the Orb.
     0 | D:1      | Reached XP level 1. HP: 18/18 MP: 1/1
    20 | D:1      | Found Veyhon's Antique Armour Emporium.
   206 | D:1      | Gained mutation: You regenerate a little health from kills.
                  | [demonic ancestry]
   206 | D:1      | Reached XP level 2. HP: 20/24 MP: 2/2
   517 | D:2      | Gained mutation: You regenerate health from kills. [demonic
                  | ancestry]
   517 | D:2      | Reached XP level 3. HP: 29/29 MP: 3/3
   654 | D:2      | Found a faded altar of an unknown god.
   715 | D:2      | Found a shadowy altar of Dithmenos.
   749 | D:2      | Gained mutation: You have a small tail. [demonic ancestry]
   749 | D:2      | Reached XP level 4. HP: 31/35 MP: 2/4
   782 | D:2      | Found a runed translucent door.
   783 | D:2      | Noticed Crazy Yiuf
  1220 | D:2      | Killed Crazy Yiuf
  1225 | D:2      | Identified the +6 hammer "Buogoifu" {heavy, MP+9}
  1687 | D:3      | Found Dowk's Armour Emporium.
  1693 | D:3      | Bought a +0 kite shield for 63 gold pieces
  1771 | D:3      | Noticed Sigmund
  1778 | D:3      | Killed Sigmund
  1779 | D:3      | Reached skill level 1 in Throwing
  1779 | D:3      | Reached XP level 5. HP: 42/42 MP: 5/5
  1779 | D:3      | Gained mutation: You are partially covered in thin metallic
                  | scales. (AC +2) [demonic ancestry]
  1779 | D:3      | Reached XP level 6. HP: 48/48 MP: 6/6
  2359 | D:4      | Found an opulent altar of Gozag.
  2397 | D:4      | Noticed a sky beast
  2403 | D:4      | Killed a sky beast
  2476 | D:4      | Found a sacrificial altar of Ru.
  2531 | D:4      | Reached skill level 1 in Maces & Flails
  2555 | D:4      | Found a staircase to the Ecumenical Temple.
  3057 | Temple   | Entered the Ecumenical Temple
  3080 | Temple   | Became a worshipper of Qazlal Stormbringer
  3114 | D:5      | Entered Level 5 of the Dungeon
  3128 | D:5      | Reached XP level 7. HP: 12/55 MP: 7/7
  3244 | D:5      | Slain by a hell rat

Illustrated notes

Levels and vault maps discovered:
D:1:      amcnicky_arrival_choice, layout_loops_ring, serial_shops,
          nicolae_shop_peninsula, hangedman_decor_growths
D:2:      layout_rooms, basic_altar, hellmonk_ecumenical_altar_run_dry,
          uniq_crazy_yiuf_cottage
D:3:      layout_basic, serial_shops, shop, guppyfry_early_orc_mine,
          uniq_sigmund
D:4:      layout_basic, lemuel_round_altar, mainiacjoe_overflow_tiny_flanked,
          minmay_temple_entry_slanted
D:5:      layout_rooms, wander_guarded_unrand_ratskin
Temple:   hellmonk_temple_forest_ring

Skill      XL: |  1  2  3  4  5  6  7 |
---------------+----------------------+-----
Axes           | 2 3 |  3.9
Armour         | 3 4 |  4.4
Shields        | 3 4 |  4.4
Fighting       | 4 |  4.9
Throwing       | 1 2 |  2.0
Maces & Flails | 1 |  1.6

Action                     |  1- 3 |  4- 6 |  7- 9 || total
---------------------------+-------+-------+-------++-------
  Melee: War axe           |   123 |    33 |       ||   156
         Mace              |       |    77 |    44 ||   121
         Tailslap          |       |     3 |     5 ||     8
    Use: Potion            |       |     9 |       ||     9
         Scroll            |       |     5 |       ||     5
 Armour: Scale mail        |   120 |   115 |    54 ||   289
  Dodge: Dodged            |    57 |    58 |    20 ||   135
  Block: Buckler           |    33 |    21 |       ||    54
         Kite shield       |       |    27 |    26 ||    53

Table legend: (Time is in decaauts)
 A = Elapsed time spent in this place.
 B = Non-inter-level travel time spent in this place.
 C = Inter-level travel time spent in this place.
 D = Time resting spent in this place.
 E = Time spent auto-exploring this place.
 F = Levels seen in this place.
 G = Mean time per level.
                   A        B        C        D        E       F      G
               +--------+--------+--------+--------+--------+-----+--------+
         Total |   3420 |   3243 |    177 |    181 |   2145 |   6 |  570.0 |
       Dungeon |   3382 |   3220 |    162 |    181 |   2145 |   5 |  676.4 |
        Temple |     38 |     23 |     15 |      0 |      0 |   1 |   38.0 |
               +--------+--------+--------+--------+--------+-----+--------+

Top non-repeatable levels by time:
     D:3: 1051 daAuts
     D:2: 864 daAuts
     D:4: 747 daAuts
     D:1: 539 daAuts
     D:5: 179 daAuts
  Temple: 38 daAuts
